 Dungeon Crawl Stone Soup version 0.20-a0-540-ge6d1839 (webtiles) character file.

87 polly the Shield-Bearer (level 4, -1/29 HPs)
             Began as a Gargoyle Fighter on Jan 30, 2017.
             Slain by sageleaf's ghost (6 damage)
             ... on level 3 of the Dungeon.
             The game lasted 00:02:58 (1920 turns).

polly the Shield-Bearer (Gargoyle Fighter)          Turns: 1920, Time: 00:02:59

Health: -1/29      AC: 11    Str: 21    XL:     4   Next: 51%
Magic:  4/4        EV:  7    Int:  8    God:
Gold:   41         SH:  9    Dex:  9    Spells: 3/3 levels left

rFire    . . .     SeeInvis .   a - +0 flail
rCold    . . .     Gourm    .   b - +0 scale mail
rNeg     + . .     Faith    .   c - +0 shield
rPois    ∞         Spirit   .   (no helmet)
rElec    +         Reflect  .   o - +0 cloak
rCorr    .         Harm     .   (no gloves)
MR       .....                  (no boots)
Stlth    ..........             (no amulet)
Regen    0.1/turn               (no ring)
                                (no ring)

@: no status effects
A: negative energy resistance 1, electricity resistance, unbreathing,
petrification resistance, rot immunity, AC +3
a: no special abilities


You were on level 3 of the Dungeon.
You were not hungry.

You visited 1 branch of the dungeon, and saw 3 of its levels.

You collected 41 gold pieces.

Inventory:

Hand Weapons
 a - a +0 flail (weapon)
Armour
 b - a +0 scale mail (worn)
 c - a +0 shield (worn)
 o - a +0 cloak (worn)
Scrolls
 e - 6 scrolls of identify {unknown}
 g - a scroll of fear {unknown}
 h - a scroll of random uselessness {unknown}
 i - 2 scrolls of remove curse {unknown}
 k - 3 scrolls of enchant armour {unknown}
Potions
 d - a potion of might
 j - a potion of heal wounds {unknown}
 m - a potion of brilliance {unknown}
 n - a potion of magic {unknown}
 p - a potion of lignification {unknown}
Comestibles
 f - 3 bread rations
 l - 2 meat rations
 q - a chunk of flesh


   Skills:
 + Level 3.7 Fighting
 + Level 2.8 Maces & Flails
 + Level 3.8 Armour
 + Level 0.5 Dodging
 + Level 4.1 Shields


You had 3 spell levels left.
You didn't know any spells.

Dungeon Overview and Level Annotations

Branches:
Dungeon (3/15)

Altars:
Fedhas

Annotations:
D:2 Terence
D:3 sageleaf's ghost, amateur CeHu


Innate Abilities, Weirdness & Mutations

You are resistant to torment.
Your stone body is resilient. (AC +3)
You are immune to poison.
You resist negative energy. (rN+)
You are resistant to electric shocks. (rElec)
You can survive without breathing.
You are immune to petrification.
You are immune to rotting.


Message History

Sageleaf's ghost (amateur Centaur Hunter) comes into view.
Sageleaf's ghost turns its malevolent gaze towards you.
Your shield and scale mail prevent you from hitting the rat.
You block the rat's attack.
You barely miss the rat. The rat barely misses you.
You sock the rat!
You kill the rat!
Sageleaf's ghost hits you but does no damage.
A rat comes into view.
You barely miss sageleaf's ghost. Sageleaf's ghost hits you.
Sageleaf's ghost hits you.
* * * LOW HITPOINT WARNING * * *
There is a stone staircase leading up here.
Found an escape hatch in the ceiling.
A leopard gecko comes into view.
The leopard gecko hisses angrily.
Sageleaf's ghost hits you but does no damage.
Found 23 sling bullets.
Sageleaf's ghost hits you.
You die...

#.#.##
#....###..
......#..
...#.#.#
#r##.#.#
#.##.#.#
#w##.#.#
#.##.#.#####.#
#.#..W@.<....#
#...#.....####
###..l###.(#
##.## ...# #.#
#.# #.# .# #.#
# #.#


You could see sageleaf's ghost and a leopard gecko.

Vanquished Creatures
  A gnoll (D:2)
  2 adders (D:2)
  2 worms (D:2)
  6 leopard geckos
  4 bats
  2 giant cockroaches
  8 goblins
  7 hobgoblins
  2 jackals (D:1)
  2 frilled lizards
  6 kobolds
  5 rats
47 creatures vanquished.

Notes
Turn   | Place    | Note
-------+----------+-------------------------------------------
     0 | D:1      | polly the Gargoyle Fighter began the quest for the Orb.
     0 | D:1      | Reached XP level 1. HP: 14/14 MP: 1/1
    91 | D:1      | Reached XP level 2. HP: 17/19 MP: 2/2
   563 | D:1      | Reached XP level 3. HP: 23/23 MP: 3/3
  1204 | D:2      | Reached skill level 4 in Shields
  1396 | D:2      | Reached XP level 4. HP: 27/29 MP: 4/4
  1509 | D:2      | Found a blossoming altar of Fedhas.
  1876 | D:2      | Noticed Terence
  1908 | D:3      | Noticed sageleaf's ghost (amateur CeHu)
  1920 | D:3      | Slain by sageleaf's ghost

Vault maps used:
D:1:      dpeg_arrival_long_road, corexii_item_surrounded_by_moat,
          minmay_box_of_dots
D:2:      fedhas_altar_1, uniq_terence
D:3:      okawaru_altar_gauntlet_db, eat_drink_and_be_merry_uskayaw,
          serial_glass, glass_columns_a, glass_columns_b, glass_columns_a,
          glass_columns_a, glass_columns_b, glass_columns_b, uniq_iyjb

Skill      XL: |  1  2  3 |
---------------+----------+-----
Shields        | 4 |  4.1
Fighting       | |  3.7
Maces & Flails | |  2.8
Armour         | |  3.8
Dodging        | |  0.5

Action                   |  1- 3 |  4- 6 || total
-------------------------+-------+-------++-------
Melee: Flail             |   171 |    52 ||   223
  Eat: Chunk             |     2 |     2 ||     4
Armor: Scale mail        |   113 |    33 ||   146
Dodge: Dodged            |    64 |    15 ||    79
Block: Shield            |   127 |    32 ||   159
